 Dungeon Crawl Stone Soup version 0.29.1-13-g9f3cf754e1 (webtiles) character file.

Game seed: 16523416101326503518

24243 cdecastro the Severer (level 13, -5/125 HPs)
             Began as a Hill Orc Fighter on Feb 7, 2023.
             Was an Elder of Nemelex Xobeh.
             Slain by a troll (13 damage)
             ... on level 13 of the Dungeon.
             The game lasted 00:50:35 (16893 turns).

cdecastro the Severer (Hill Orc Fighter)           Turns: 16893, Time: 00:50:35

Health: -5/125     AC:  3    Str: 24    XL:     13   Next: 11%
Magic:  20/20      EV: 12    Int:  8    God:    Nemelex Xobeh [****..]
Gold:   618        SH:  0    Dex: 10    Spells: 12/12 levels left

rFire   . . .      SeeInvis .   a - +1 battleaxe (freeze)
rCold   + . .      Faith    .   (shield currently unavailable)
rNeg    . . .      Spirit   .   V - +1 chain mail {rC+}
rPois   +          Reflect  .   T - +1 helmet
rElec   .          Harm     .   L - +0 cloak {rPois}
rCorr   .          Rampage  .   r - +0 pair of gloves
Will    .....                   v - +0 pair of boots
Stlth   ..........              w - amulet of the acrobat
HPRegen 0.30/turn               j - +4 ring of evasion
MPRegen 0.17/turn               O - +4 ring of slaying

@: corroded
A: no striking features
a: Renounce Religion, Draw Escape, Draw Destruction, Draw Summoning, Triple
Draw, Deal Four


You were on level 13 of the Dungeon.
You worshipped Nemelex Xobeh.
Nemelex Xobeh was greatly pleased with you.
You visited 2 branches of the dungeon, and saw 14 of its levels.
You also visited: Sewer, Bailey and Ice Cave.

You collected 1745 gold pieces.
You spent 1127 gold pieces at shops.

Inventory:

Hand Weapons
 a - a +1 battleaxe of freezing (weapon)
 b - the +10 longbow of an ossuary {flame, rN+}
   (You found it on level 10 of the Dungeon)

   Any ammunition fired from it burns those it strikes, dealing additional fire
   damage.
   rN:        It protects you from negative energy.
 c - the +7 lajatang of Order {silver, rMut}
   (You found it in an ice cave)

   It inflicts extra damage upon those it strikes, and deals substantially
   increased damage to chaotic, mutated and magically transformed beings.
   rMut:      It protects you from mutation.
 y - a +2 longbow of freezing
 J - the +0 war axe "Juyssau" {vorpal, Str+2 Int-5 SInv}
   (You found it on level 7 of the Dungeon)

   It inflicts extra damage upon your enemies.
   Str:       It affects your strength (+2).
   Int:       It affects your intelligence (-5).
   SInv:      It lets you see invisible.
 Q - a +4 morningstar
 W - the +5 sword of Power {vorpal}
   (You found it on level 10 of the Dungeon)

   It inflicts extra damage upon your enemies.
   It occasionally discharges a powerful but inaccurate bolt of energy upon
   striking a foe, with increased chance the greater the wielder's current
   health.
Missiles
 q - 30 boomerangs (quivered)
 H - 3 atropa-tipped darts
Armour
 l - the +2 hat of the Bear Spirit {Spirit, *Rage Will++}
   (You found it on level 10 of the Dungeon)

   Going berserk makes the wearer tougher, and they're slowed less afterward.
   *Rage:     It berserks you when you make melee attacks (+20% chance).
   Will:      It greatly increases your willpower.
 r - a +0 pair of gloves (worn)
 v - a +0 pair of boots (worn)
 L - a +0 cloak of poison resistance (worn)
 T - a +1 helmet (worn)
 V - a +1 chain mail of cold resistance (worn)
 X - a scarf of repulsion
Jewellery
 j - a +4 ring of evasion (left hand)
 s - an amulet of guardian spirit
 w - an amulet of the acrobat (around neck)
 C - a +4 ring of evasion
 M - the ring of Xom's Best Wishes {Fly rN+}
   (You found it in an ice cave)

   [ring of flight]

   rN:        It protects you from negative energy.
   Fly:       It grants you flight.
 N - a ring of willpower
 O - a +4 ring of slaying (right hand)
Wands
 A - a wand of flame (42)
 D - a wand of paralysis (13)
 F - a wand of digging (10)
 Y - a wand of quicksilver (8)
 Z - a wand of polymorph (2)
Scrolls
 d - 5 scrolls of vulnerability
 i - 3 scrolls of enchant armour
 m - 2 scrolls of enchant weapon
 n - 4 scrolls of fog
 t - 3 scrolls of fear
 x - 2 scrolls of poison
 E - 2 scrolls of teleportation
 G - a scroll of summoning
 I - a scroll of blinking {unknown}
 K - 2 scrolls of magic mapping
 P - a scroll of torment
 R - 2 scrolls of silence
Potions
 e - a potion of brilliance
 f - 2 potions of cancellation
 g - 3 potions of ambrosia
 h - 6 potions of lignification
 k - 3 potions of resistance
 o - 3 potions of mutation
 p - 13 potions of curing
 u - 4 potions of heal wounds
 z - 3 potions of invisibility
 B - 7 potions of flight
 S - 5 potions of magic
 U - 2 potions of haste


   Skills:
 + Level 14.4 Fighting
 - Level 16.0 Axes
 - Level 5.0 Ranged Weapons
 - Level 10.0 Armour
 - Level 3.2 Shields
 - Level 10.0 Invocations
 - Level 5.0 Evocations


You had 12 spell levels left.
You didn't know any spells.
Your spell library contained the following spells:

 Spells                   Type           Power      Damage    Failure   Level
 Shock                    Conj/Air       0%         1d3       93%         1
 Blink                    Tloc           0%         N/A       98%         2
 Scorch                   Fire           0%         2d5       98%         2
 Call Canine Familiar     Summ           0%         N/A       100%        3
 Lesser Beckoning         Tloc           0%         N/A       100%        3
 Ozocubu's Armour         Ice            0%         N/A       100%        3
 Portal Projectile        Hex/Tloc       0%         N/A       100%        3
 Swiftness                Air            0%         N/A       100%        3
 Airstrike                Air            0%         2d(0-16)  100%        4
 Flame Wave               Conj/Fire      0%         2d4       100%        4
 Leda's Liquefaction      Hex/Erth       0%         N/A       100%        4
 Blade Hands              Tmut           0%         N/A       100%        5
 Irradiate                Conj/Tmut      0%         3d11      100%        5
 Lee's Rapid Deconstruct  Erth           0%         3d5*      100%        5
 Manifold Assault         Tloc           0%         N/A       100%        5
 Statue Form              Tmut/Erth      0%         N/A       100%        6
 Summon Cactus Giant      Summ           0%         N/A       100%        6
 Dragon Form              Tmut           0%         N/A       100%        7
 Ozocubu's Refrigeration  Ice            0%         4d7       100%        7


Dungeon Overview and Level Annotations

Branches:
Dungeon (13/15)            Temple (1/1) D:5            Lair (0/5) D:8
  Sewer (visited)          Bailey (visited)           IceCv (visited)
    Orc: D:9-12      Vaults: D:13-14

Altars:
Ashenzari
Cheibriados
Dithmenos
Elyvilon
Fedhas
Gozag
Hepliaklqana
Kikubaaqudgha
Makhleb
Nemelex Xobeh
Okawaru
Qazlal
Ru
Sif Muna
Trog
Uskayaw
Vehumet
Wu Jian
Xom
Yredelemnul
Zin
The Shining One
Beogh

Shops:
D:12 (

Annotations:
D:8 vault need dig
D:11 3 runed translucent doors, unlimited1921's ghost, journeyman DjFE


Message History

* * * LOW HITPOINT WARNING * * *
The troll bites you!
* * * LOW HITPOINT WARNING * * *
The troll claws you.
* * * LOW HITPOINT WARNING * * *
The troll claws you.
* * * LOW HITPOINT WARNING * * *
You slice the troll!! You freeze the troll.
The troll is severely wounded.
You slash the troll! You freeze the troll. The troll barely misses you.
The troll closely misses you. x2; The troll barely misses you.
The troll claws you.
* * * LOW HITPOINT WARNING * * *
The troll completely misses you.
You draw a card...
You have drawn the Cloud.
Clouds appear around you! The troll misses you. The troll claws you!
* * * LOW HITPOINT WARNING * * *
The troll closely misses you. The troll barely misses you. The troll claws you.
* * * LOW HITPOINT WARNING * * *
The troll misses you.
Okay, then.
Okay, then.
You draw... (choose one card, ? for their descriptions)
a - the Cloud
b - the Cloud
c - the Elixir You have drawn the Elixir.
You begin rapidly regenerating health and magic.
You can no longer stack cards.
The troll bites you.
* * * LOW HITPOINT WARNING * * *
The troll claws you.
* * * LOW HITPOINT WARNING * * *
The troll claws you.
* * * LOW HITPOINT WARNING * * *
The troll bites you.
* * * LOW HITPOINT WARNING * * *
The troll barely misses you. The troll claws you!
You die...
Your body glows slightly and disappears.

.####.#
#.....
##......#
#.....
#§.#
##.....
#C##
#.....)
#.#
#......
#.#
#......
#.#
#......
#.####+###
##.....
#.@T§.....
#.####
#.§T§.....
#
##§§§.....
########+


You could see a cyclops and 2 trolls.

Vanquished Creatures
  A cacodemon (IceCv)
  Snorg (D:10)
  3 hydras
  A boulder beetle (D:11)
  A centaur warrior (D:13)
  5 two-headed ogres
  3 skeletal warriors
  Pikel (D:5)
  A wizard (D:11)
  2 manticores (D:11)
  An ugly thing (D:9)
  Joseph (D:7)
  An ice statue (IceCv)
  A gargoyle (D:12)
  3 kobold demonologists
  An unseen horror (D:11)
  A komodo dragon (D:8)
  2 ice devils (IceCv)
  An anaconda simulacrum (IceCv)
  2 trolls
  Grinder (D:3)
  A hornet (D:9)
  A centaur simulacrum (D:13)
  2 vampires
  A wraith (D:11)
  5 yaks (D:11)
  The ghost of bjubeck the Covered, an amateur MiFi of Okawaru (D:4)
  4 vampire mosquitoes
  A death yak simulacrum (IceCv)
  A harpy simulacrum (IceCv)
  Duvessa (D:5)
  An acid dragon (D:11)
  6 water moccasins
  9 orc warriors
  3 black bears
  Pargi (Sewer)
  4 ice beasts
  A sky beast (D:8)
  3 centaurs
  2 kobold brigands
  2 phantoms
  4 necrophages
  3 bullfrogs
  8 two-headed ogre simulacra (IceCv)
  3 scorpions
  Dowan (D:5)
  8 wights
  3 elephant simulacra (IceCv)
  6 killer bees (D:11)
  2 howler monkeys (D:5)
  2 hounds (D:5)
  3 gnoll boudas
  5 orc priests
  Ijyb (D:4)
  Natasha (thrice) (D:2)
  4 iguanas
  5 orc wizards
  3 polar bear simulacra (IceCv)
  3 troll simulacra (IceCv)
  3 spriggan simulacra (IceCv)
  6 wolf simulacra (IceCv)
  Robin (D:3)
  11 gnolls
  9 naga simulacra (IceCv)
  6 adders
  2 shadow imps
  16 white imps
  6 ufetubi
  A worm (D:2)
  7 dart slugs
  51 orcs
  6 endoplasms
  8 giant cockroaches
  23 goblins
  6 hobgoblins
  4 jackals
  7 quokkas
  11 ball pythons
  5 bats
  3 frilled lizards
  34 kobolds
  4 rats
381 creatures vanquished.

Vanquished Creatures (collateral kills)
  A hydra (D:11)
1 creature vanquished.

Vanquished Creatures (others)
  43 fungi (D:8)
  61 plants (D:8)
104 creatures vanquished.

Grand Total: 486 creatures vanquished

Notes
Turn   | Place    | Note
-------+----------+-------------------------------------------
     0 | D:1      | cdecastro the Hill Orc Fighter began the quest for the Orb.
     0 | D:1      | Reached XP level 1. HP: 19/19 MP: 1/1
    74 | D:1      | Reached skill level 3 in Axes
    99 | D:1      | Reached XP level 2. HP: 26/26 MP: 2/2
   106 | D:1      | Reached skill level 4 in Axes
   200 | D:1      | Reached XP level 3. HP: 25/31 MP: 3/3
   346 | D:1      | Found Nellon's Distillery.
   362 | D:1      | Bought a potion of lignification for 39 gold pieces
   474 | D:1      | Reached skill level 5 in Axes
   623 | D:1      | Found Jyhuon's Magic Scroll Emporium.
   866 | D:2      | Reached XP level 4. HP: 34/39 MP: 4/4
   921 | D:2      | Noticed Natasha
   934 | D:2      | Killed Natasha
   935 | D:2      | Reached skill level 6 in Axes
  1200 | D:2      | Found a roughly hewn altar of Beogh.
  1285 | D:2      | Found a faded altar of an unknown god.
  1473 | D:2      | Noticed Natasha
  1483 | D:2      | Killed Natasha
  1484 | D:2      | Reached XP level 5. HP: 45/45 MP: 5/5
  1562 | D:2      | Reached skill level 7 in Axes
  1648 | D:2      | Noticed Natasha
  1655 | D:2      | Killed Natasha
  1923 | D:3      | Noticed Grinder
  2050 | D:3      | Found a glowing drain.
  2060 | Sewer    | Entered a sewer
  2127 | Sewer    | Noticed Pargi
  2138 | Sewer    | Killed Pargi
  2139 | Sewer    | Reached skill level 8 in Axes
  2139 | Sewer    | Reached XP level 6. HP: 46/51 MP: 6/6
  2478 | D:4      | Reached skill level 9 in Axes
  2884 | D:4      | Reached XP level 7. HP: 45/57 MP: 7/7
  3245 | D:4      | Found a runed translucent gate.
  3247 | D:4      | Found a runed translucent gate.
  3249 | D:4      | Found a runed translucent gate.
  3249 | D:4      | Noticed bjubeck's ghost (amateur MiFi)
  3854 | D:4      | Found a roughly hewn altar of Beogh.
  3888 | D:5      | Entered Level 5 of the Dungeon
  3888 | D:5      | Noticed Ijyb
  3901 | D:4      | Killed Ijyb
  3902 | D:4      | Reached skill level 10 in Axes
  4056 | D:5      | Noticed Duvessa
  4056 | D:5      | Noticed Dowan
  4101 | D:5      | Killed Duvessa
  4345 | D:5      | Found a staircase to the Ecumenical Temple.
  4364 | Temple   | Entered the Ecumenical Temple
  4364 | Temple   | Found a transporter.
  4364 | Temple   | Found a transporter.
  4366 | Temple   | Found a transporter.
  4366 | Temple   | Found a transporter.
  4397 | Temple   | Became a worshipper of Nemelex Xobeh the Trickster
  4435 | D:5      | Reached skill level 11 in Axes
  4686 | D:5      | Reached XP level 8. HP: 66/67 MP: 8/8
  4771 | D:5      | Noticed Pikel
  4836 | D:5      | Killed Pikel
  5322 | D:5      | Reached * piety under Nemelex Xobeh
  5400 | D:6      | Found a broken altar of Ashenzari.
  5463 | D:6      | Reached XP level 9. HP: 83/83 MP: 9/9
  5894 | D:6      | Reached skill level 10 in Fighting
  5894 | D:6      | Reached skill level 1 in Invocations
  6155 | D:6      | Found a radiant altar of Vehumet.
  6157 | D:6      | Found a glowing golden altar of the Shining One.
  6292 | D:6      | Reached skill level 5 in Invocations
  6424 | D:7      | Received a gift from Nemelex Xobeh
  6443 | D:7      | Noticed Joseph
  6461 | D:7      | Killed Joseph
  6726 | D:7      | Found a flagged portal.
  6728 | D:7      | Identified the +0 war axe "Juyssau" {vorpal, Str+2 Int-5
                  | SInv}
  6752 | Bailey   | Entered a bailey
  7641 | D:7      | Reached ** piety under Nemelex Xobeh
  7820 | D:7      | Identified the +0 ring mail "Paginorgh" {Dex+3 Slay+2
                  | Stlth+}
  7868 | D:7      | Reached XP level 10. HP: 93/93 MP: 17/17
  7895 | D:7      | Found an iron altar of Okawaru.
  8115 | D:8      | Reached skill level 10 in Invocations
  8238 | D:8      | Reached skill level 5 in Armour
  8672 | D:8      | Found a staircase to the Lair.
  8859 | D:8      | Received a gift from Nemelex Xobeh
  8865 | D:8      | Found a sacrificial altar of Ru.
  8942 | D:8      | Reached *** piety under Nemelex Xobeh
  9082 | D:8      | Found a stormy altar of Qazlal.
  9289 | D:3      | Found a burning altar of Makhleb.
  9391 | D:3      | Noticed Robin
  9398 | D:3      | Killed Robin
  9408 | D:3      | Paralysed by Grinder for 5 turns
  9423 | D:3      | Paralysed by Grinder for 3 turns
  9430 | D:3      | Killed Grinder
  9873 | D:4      | Killed bjubeck's ghost
 10224 | D:5      | Killed Dowan
 10308 | D:1      | Bought a potion of invisibility for 104 gold pieces
 10308 | D:1      | Bought a potion of attraction for 39 gold pieces
 10308 | D:1      | Bought a potion of ambrosia for 104 gold pieces
 10308 | D:1      | Bought a potion of degeneration for 13 gold pieces
 10308 | D:1      | Bought a potion of lignification for 39 gold pieces
 10308 | D:1      | Bought a potion of lignification for 39 gold pieces
 10341 | D:1      | Bought a scroll of vulnerability for 48 gold pieces
 10341 | D:1      | Bought a scroll of teleportation for 36 gold pieces
 10341 | D:1      | Bought 3 scrolls of identify for 72 gold pieces
 10341 | D:1      | Bought a scroll of identify for 24 gold pieces
 10341 | D:1      | Bought a scroll of summoning for 114 gold pieces
 10341 | D:1      | Bought 2 scrolls of silence for 228 gold pieces
 10341 | D:1      | Bought a scroll of magic mapping for 90 gold pieces
 10341 | D:1      | Bought a scroll of fog for 48 gold pieces
 10341 | D:1      | Bought a scroll of enchant armour for 90 gold pieces
 10493 | D:9      | Received a gift from Nemelex Xobeh
 10719 | D:9      | Noticed a two-headed ogre
 10723 | D:9      | Killed a two-headed ogre
 10724 | D:9      | Reached skill level 10 in Armour
 10724 | D:9      | Reached XP level 11. HP: 99/99 MP: 18/18
 10794 | D:9      | Reached skill level 12 in Axes
 10841 | D:9      | Found a hide-covered altar of Uskayaw.
 10888 | D:9      | Noticed a two-headed ogre
 10897 | D:9      | Killed a two-headed ogre
 10952 | D:9      | Reached skill level 13 in Axes
 11201 | D:9      | Noticed a cyan ugly thing
 11211 | D:9      | Killed a cyan ugly thing
 11317 | D:9      | Received a gift from Nemelex Xobeh
 11342 | D:9      | Noticed a two-headed ogre
 11364 | D:9      | Killed a two-headed ogre
 11517 | D:9      | Found a shimmering blue altar of Sif Muna.
 11592 | D:10     | Entered Level 10 of the Dungeon
 11605 | D:9      | Reached skill level 14 in Axes
 11731 | D:10     | Noticed Snorg
 11740 | D:10     | Killed Snorg
 11779 | D:10     | Reached **** piety under Nemelex Xobeh
 11864 | D:10     | Received a gift from Nemelex Xobeh
 11911 | D:10     | Noticed a two-headed ogre
 11945 | D:10     | Killed a two-headed ogre
 11946 | D:10     | Reached skill level 15 in Axes
 12326 | D:10     | Found the +2 hat of the Bear Spirit {Spirit, *Rage Will++}
 12326 | D:10     | Found the +5 sword of Power {vorpal}
 12335 | D:10     | Identified the +10 longbow of an ossuary {flame, rN+}
 12337 | D:10     | Identified the +7 spear "Arbiter" {holy, *Slow Int+7}
 12395 | D:11     | Noticed a manticore
 12402 | D:11     | Killed a manticore
 12450 | D:11     | Noticed a wizard
 12454 | D:11     | Killed a wizard
 12514 | D:11     | Received a gift from Nemelex Xobeh
 12533 | D:11     | Noticed a manticore
 12542 | D:11     | Killed a manticore
 12543 | D:11     | Reached skill level 16 in Axes
 12543 | D:11     | Reached skill level 1 in Ranged Weapons
 12640 | D:11     | Found a snail-covered altar of Cheibriados.
 12751 | D:11     | Noticed an eight-headed hydra
 12940 | D:11     | Noticed a war gargoyle
 12943 | D:11     | Noticed a deep elf pyromancer
 12945 | D:11     | Noticed unlimited1921's ghost (journeyman DjFE)
 12991 | D:11     | Noticed a six-headed hydra
 13003 | D:11     | Killed a six-headed hydra
 13004 | D:11     | Reached XP level 12. HP: 98/106 MP: 19/19
 13338 | D:11     | Found a runed translucent gate.
 13339 | D:11     | Found a runed translucent gate.
 13339 | D:11     | Found a runed translucent gate.
 13475 | D:11     | Killed an eight-headed hydra
 13476 | D:11     | Reached skill level 5 in Ranged Weapons
 13623 | D:12     | Noticed an ogre mage
 13623 | D:12     | Noticed a two-headed ogre
 13623 | D:12     | Noticed a two-headed ogre
 13623 | D:12     | Noticed a two-headed ogre
 13623 | D:12     | Noticed a two-headed ogre
 13623 | D:12     | Noticed a two-headed ogre
 13623 | D:12     | Noticed a two-headed ogre
 13623 | D:12     | Noticed a two-headed ogre
 13632 | D:11     | Killed a two-headed ogre
 13775 | D:12     | Noticed a boulder beetle
 13789 | D:11     | Killed a boulder beetle
 14035 | D:12     | Noticed a six-headed hydra
 14039 | D:12     | Killed a six-headed hydra
 14040 | D:12     | Reached skill level 5 in Evocations
 14050 | D:12     | Found Xaysosag's Weapon Shop.
 14054 | D:12     | Noticed a four-headed hydra
 14059 | D:12     | Killed a four-headed hydra
 14457 | D:12     | Received a gift from Nemelex Xobeh
 14835 | D:13     | Reached ***** piety under Nemelex Xobeh
 14927 | D:13     | Noticed a centaur warrior
 14937 | D:13     | Killed a centaur warrior
 14946 | D:13     | Found a frozen archway.
 15026 | D:13     | Noticed a six-headed hydra
 15028 | IceCv    | Entered an ice cave
 15424 | IceCv    | Received a gift from Nemelex Xobeh
 15605 | IceCv    | Noticed a reaper
 15615 | IceCv    | Reached XP level 13. HP: 122/122 MP: 18/20
 15624 | IceCv    | Noticed a cacodemon
 15624 | IceCv    | a reaper changed into a cacodemon
 15629 | IceCv    | Killed a cacodemon
 15943 | IceCv    | Found the +7 lajatang of Order {silver, rMut}
 15965 | IceCv    | Identified the ring of Xom's Best Wishes {Fly rN+}
 16893 | D:13     | Slain by a troll

Illustrated notes

Levels and vault maps discovered:
D:1:      heliophobic_arrival_battle_scene, layout_basic, serial_shops, shop,
          shop, roderic_roman_lattice, minmay_ruptured
D:2:      layout_loops_ring, hellmonk_ecumenical_altar_defaced_shrine,
          uniq_natasha
D:3:      layout_rooms, amcnicky_altar_gilded, portal_sewer_entry_d,
          uniq_grinder, uniq_robin
D:4:      nicolae_cairo_tiling_large, layout_layer_cave,
          biasface_ghost_orc_armoury, bh_walls_and_bars
D:5:      layout_cave_pods, minmay_temple_entry_large_hall,
          hangedman_decor_peaks_small, uniq_pikel, uniq_ijyb, uniq_duvessa
D:6:      layout_gridville, nicolae_ashenzari_skybound,
          mainiacjoe_overflow_catwalk_spiral
D:7:      nicolae_BIG_FREAKIN_CUBE, layout_basic, kennysheep_mini,
          enter_bailey_5, uniq_joseph
D:8:      layout_basic, grunt_qazlal_clouds, mainiacjoe_overflow_alcove_2,
          due_lair_maze_entry_diamond, lightli_corner_chamber
D:9:      layout_roguey, lemuel_blue_sif_altar, eat_drink_and_be_merry_uskayaw
D:10:     layout_irregular_city, nicolae_wwwww, lemuel_flamethrower_hall,
          uniq_snorg
D:11:     layout_stronghold, gammafunk_ghost_split, hex_tiny, chei_slow_surprise
D:12:     layout_long_grid, orc_0_dummy, serial_shops, nicolae_shop_trees
D:13:     layout_basic, david_vaults_1, serial_ice, serial_ice_a, serial_ice_f,
          serial_ice_k, serial_ice_d, portal_ice_cave_entry_imps
Temple:   hellmonk_temple_divided_pantheon

Skill      XL: |  1  2  3  4  5  6  7  8  9 10 11 12 13 |
---------------+----------------------------------------+-----
Axes           | 3 4 5 6 8 9 11 16 | 16.0
Fighting       | 4 9 10 13 14 | 14.4
Invocations    | 9 10 | 10.0
Armour         | 10 | 10.0
Ranged Weapons | 3 5 |  5.0
Evocations     | 5 |  5.0
Shields        | |  3.2

Action                   |  1- 3 |  4- 6 |  7- 9 | 10-12 | 13-15 || total
-------------------------+-------+-------+-------+-------+-------++-------
Melee: War axe           |    89 |    77 |   122 |   427 |     5 ||   720
       Punch             |     2 |     1 |     3 |     2 |       ||     8
       Whip              |       |    55 |   261 |       |       ||   316
       Battleaxe         |       |       |       |       |    84 ||    84
 Fire: Longbow           |       |       |       |    10 |       ||    10
Throw: Boomerang         |       |       |       |     2 |       ||     2
Invok: Draw Destruction  |       |       |       |    22 |     7 ||    29
       Draw Summoning    |       |       |       |     1 |     1 ||     2
       Triple Draw       |       |       |       |       |     1 ||     1
       Draw Escape       |       |       |       |       |     1 ||     1
Evoke: Wand              |       |       |       |     8 |       ||     8
  Use: Potion            |       |     1 |       |     1 |       ||     2
       Scroll            |       |       |       |    13 |     1 ||    14
 Stab: Paralysed         |       |       |       |    10 |       ||    10
Armor: Scale mail        |    56 |    37 |       |       |       ||    93
       Chain mail        |       |    15 |    72 |     3 |    42 ||   132
       Plate armour      |       |       |     2 |   190 |       ||   192
       Leather armour    |       |       |       |     6 |       ||     6
Dodge: Dodged            |    56 |    55 |   309 |   302 |    62 ||   784
